 Dungeon Crawl Stone Soup version 0.18-a0-1308-g45b86c9 (webtiles) character file.

392 RedPan the Poker (level 6, -5/44 HPs)
             Began as a Merfolk Skald on Feb 13, 2016.
             Slain by an orc warrior
             ... wielding a +0 glaive
              (23 damage)
             ... on level 5 of the Dungeon.
             The game lasted 00:10:20 (5248 turns).

RedPan the Poker (Merfolk Skald)                    Turns: 5248, Time: 00:10:20

Health: -5/44      AC:  4    Str: 15    XL:     6   Next: 80%
Magic:  5/9        EV: 12    Int: 11    God:
Gold:   122        SH:  0    Dex: 13    Spells: 3 memorised, 4 levels left

rFire  . . .     SeeInvis .     n - +1 halberd
rCold  . . .     Gourm    .     i - +0 robe
rNeg   . . .     Faith    .     (shield currently unavailable)
rPois  +         Spirit   .     (no helmet)
rElec  .         Dismiss  .     u - +0 cloak
rCorr  .         Reflect  .     j - +0 pair of gloves
SustAt .         Harm     .     (no boots)
MR     .....                    (no amulet)
Stlth  +.........               (no ring)
                                w - ring of poison resistance

@: shrouded, infused, not resistant to hostile enchantments, very unstealthy
A: change form in water, swift swim
a: no special abilities


You were on level 5 of the Dungeon.
You were hungry.

You visited 1 branch of the dungeon, and saw 5 of its levels.

You collected 122 gold pieces.

Inventory:

Hand Weapons
 n - a +1 halberd (weapon)
Armour
 b - a +0 leather armour
 i - a +0 robe (worn)
 j - a +0 pair of gloves (worn)
 u - a +0 cloak (worn)
Jewellery
 w - a ring of poison resistance (left hand)
Scrolls
 e - a scroll of remove curse
 m - 3 scrolls of teleportation
Potions
 a - 2 potions of lignification
 f - a potion of mutation {unknown}
 h - a potion of curing
 l - 2 potions of invisibility
 o - 3 potions of heal wounds
 p - 2 potions of flight
 r - a potion of degeneration {unknown}
Books
 c - a book of Battle

   Spells                             Type                      Level
   a - Infusion                       Charms                       1
   b - Shroud of Golubria             Charms/Translocation         2
   c - Song of Slaying                Charms                       2
   d - Spectral Weapon                Hexes/Charms                 3
   e - Regeneration                   Charms/Necromancy            3
Comestibles
 d - 5 bread rations
 g - 2 meat rations
 k - 3 beef jerkies
 s - a royal jelly


   Skills:
 - Level 2.1 Fighting
 + Level 7.1 Polearms
 - Level 0.6 Armour
 - Level 1.3 Dodging
 - Level 2.0 Spellcasting
 + Level 6.4 Charms


You had 4 spell levels left.
You knew the following spells:

 Your Spells              Type           Power        Failure   Level  Hunger
a - Infusion              Chrm           ###.         2%          1    ##.....
b - Song of Slaying       Chrm           ###.....     3%          2    ###....
c - Shroud of Golubria    Chrm/Tloc      #.........   14%         2    ###....


Dungeon Overview and Level Annotations

Branches:
Dungeon (5/15)
 Temple: D:4-7

Altars:
Dithmenos
Elyvilon
Pakellas
Qazlal
Trog
Vehumet
Yredelemnul
The Shining One

Shops:
D:4 (


Message History

You kill the orc!
An orc comes into view. It is wielding a club.
The orc warrior hits you from afar with a glaive!!
Ouch! That really hurt!
Casting: Infusion
Confirm with . or Enter, or press ? or * to list all spells.
Space distorts slightly along a thin shroud covering your body.
The orc warrior barely misses you.
Casting: Shroud of Golubria
Confirm with . or Enter, or press ? or * to list all spells.
You begin infusing your attacks with magical energy.
You slash the orc!!
You kill the orc!
The orc warrior misses you. The orc warrior completely misses you.
You see here a club.
You closely miss the orc warrior.
The orc warrior hits you with a glaive!!
Ouch! That really hurt!
You die...

..... #.#.## #...###
.....## #..... #.##..#
#...# ##......## #...#
##...[....###<..##
#.... #..#......#
#####..o# #.........#
.......@####..#.#.#..#
######..#..#.....###.#
#...........# #..
###......##..# #..
#......#.##...# .#
#.#...#####.....
#.#...# #....## #
#...# #.....# ##...
......


You could see an orc warrior.

Vanquished Creatures
  A phantom (D:3)
  A scorpion (D:5)
  An iguana (D:4)
  An orc wizard (D:3)
  A worker ant (D:4)
  A gnoll (D:1)
  5 adders
  A river rat (D:4)
  An ooze (D:3)
  An adder skeleton (D:4)
  3 worms
  4 giant geckos
  12 orcs
  6 giant cockroaches
  6 hobgoblins
  7 jackals
  A quokka (D:3)
  A ball python (D:1)
  8 bats
  A giant gecko skeleton (D:4)
  4 giant newts
  6 goblins
  13 kobolds
  A quokka skeleton (D:4)
  9 rats
96 creatures vanquished.

Notes
Turn   | Place    | Note
--------------------------------------------------------------
     0 | D:1      | RedPan the Merfolk Skald began the quest for the Orb.
     0 | D:1      | Reached XP level 1. HP: 16/16 MP: 3/3
   148 | D:1      | Reached XP level 2. HP: 16/22 MP: 5/5
   152 | D:1      | Learned a level 2 spell: Song of Slaying
   155 | D:1      | Learned a level 2 spell: Shroud of Golubria
   857 | D:1      | Reached skill level 4 in Polearms
   857 | D:1      | Reached XP level 3. HP: 17/27 MP: 6/6
  1637 | D:2      | Found an oddly glowing altar of Pakellas.
  1679 | D:2      | Reached XP level 4. HP: 33/33 MP: 7/7
  2586 | D:2      | Found a glowing golden altar of the Shining One.
  2993 | D:3      | Reached skill level 5 in Polearms
  3006 | D:3      | Reached skill level 5 in Charms
  3021 | D:3      | Reached XP level 5. HP: 25/38 MP: 2/8
  3495 | D:3      | Found a white marble altar of Elyvilon.
  3889 | D:3      | Found a stormy altar of Qazlal.
  4085 | D:4      | Noticed a phantom
  4115 | D:3      | Killed a phantom
  4115 | D:3      | Reached skill level 6 in Polearms
  4115 | D:3      | Reached XP level 6. HP: 19/44 MP: 3/9
  4358 | D:4      | Found a shadowy altar of Dithmenos.
  4392 | D:4      | Found a basalt altar of Yredelemnul.
  4490 | D:4      | Found Ezuru's Antique Weapon Shoppe.
  4711 | D:4      | Found a bloodstained altar of Trog.
  4936 | D:4      | Found a radiant altar of Vehumet.
  5178 | D:5      | Entered Level 5 of the Dungeon
  5192 | D:5      | Reached skill level 7 in Polearms
  5241 | D:5      | Noticed an orc warrior
  5248 | D:5      | Slain by an orc warrior

Vault maps used:
D:1:      minmay_arrival_plants_in_alcoves, minmay_unequal
D:2:      lemuel_coloured_pillars_altar, grunt_pakellas_mercury
D:3:      nicolae_overflow_crystal_walls, nicolae_qazlal_general_emergency,
          first_bread, grunt_ministairs_10, minmay_ruptured
D:4:      kennysheep_mini, bloody_trog, kennysheep_little_box,
          gup_sewer_entry_bubbles, serial_shops,
          nicolae_shop_overgrown_old_shop, grunt_dithmenos_smoke
D:5:      lemuel_round_altar, hangedman_decor_growths, nrook_mini_backslash,
          uniq_crazy_yiuf_cottage

Action                   |  1- 3 |  4- 6 || total
-------------------------+-------+-------++-------
Melee: Spear             |    91 |       ||    91
       Halberd           |    54 |   229 ||   283
 Cast: Infusion          |     1 |     7 ||     8
       Song of Slaying   |       |     1 ||     1
       Shroud of Golubri |       |    10 ||    10
  Use: Scroll            |       |    11 ||    11
       Potion            |       |     2 ||     2
 Stab: Sleeping          |     3 |     4 ||     7
  Eat: Chunk             |     3 |     9 ||    12
       Fruit             |       |     3 ||     3
